 Dungeon Crawl Stone Soup version 0.28-a0-630-g0357d9c091 (webtiles) character file.

Game seed: 14771452206566397248

105 Conn the Firebug (level 4, 0/27 HPs)
             Began as an Octopode Fire Elementalist on Oct 9, 2021.
             Slain by an orc priest (3 damage)
             ... on level 3 of the Dungeon.
             The game lasted 00:04:17 (2735 turns).

Conn the Firebug (Octopode Fire Elementalist)       Turns: 2735, Time: 00:04:18

Health: 0/27       AC:  1    Str:  7    XL:     4   Next: 83%
Magic:  7/7        EV: 13    Int: 18    God:
Gold:   51         SH:  0    Dex: 12    Spells: 7/8 levels left

rFire   . . .      SeeInvis .   l - +0 dagger (speed)
rCold   + . .      Faith    .   (no shield)
rNeg    . . .      Spirit   .   (helmet restricted)
rPois   .          Reflect  .   (no amulet)
rElec   .          Harm     .   j - ring of protection from cold
rCorr   .          Rampage  .   (no ring)
Will    .....                   (no ring)
Stlth   ++........              (no ring)
HPRegen 0.09/turn               (no ring)
MPRegen 0.10/turn               (no ring)
                                (no ring)
                                (no ring)

@: confused, brilliant, ambrosia-drunk
A: almost no armour, amphibious, 8 rings, camouflage 1, gelatinous body 1,
(nimble swimmer 1), tentacles
a: no special abilities


You were on level 3 of the Dungeon.
You visited 1 branch of the dungeon, and saw 3 of its levels.

You collected 51 gold pieces.

Inventory:

Hand Weapons
 a - a +0 dagger
 l - a +0 dagger of speed (weapon)
Missiles
 e - 3 javelins
Magical Staves
 g - a staff of cold
Jewellery
 j - a ring of protection from cold (left tentacle)
Scrolls
 b - a scroll of teleportation {unknown}
 d - 2 scrolls of noise {unknown}
 h - a scroll of magic mapping {unknown}
 i - a scroll of fear {unknown}
Potions
 c - a potion of attraction


   Skills:
 + Level 0.2 Short Blades
 + Level 2.2 Dodging
 + Level 3.7 Stealth
 + Level 2.6 Spellcasting
 + Level 1.7 Conjurations
 + Level 4.1 Fire Magic


You had 7 spell levels left.
You knew the following spells:

 Your Spells              Type           Power      Damage    Failure   Level
a - Foxfire               Conj/Fire      76%        2x1d7     4%          1

Your spell library contained the following spells:

 Spells                   Type           Power      Damage    Failure   Level
 Scorch                   Fire           52%        2d7       4%          2
 Conjure Flame            Conj/Fire      19%        6-21      16%         3
 Inner Flame              Hex/Fire       14%        N/A       22%         3
 Flame Wave               Conj/Fire      19%        3d5       45%         4


Dungeon Overview and Level Annotations

Branches:
Dungeon (3/15)

Altars:


Innate Abilities, Weirdness & Mutations

You cannot wear most types of armour.
You are amphibious.
You can wear up to eight rings at the same time.
Your skin changes colour to match your surroundings (Stealth+).
Your rubbery body absorbs attacks. (AC +1, EV +1)
((You are camouflaged near water. (Stealth+)))
You have tentacles for arms and can constrict up to eight enemies at once.


Message History

Your foxfire blinks!
The orc blinks! x2; The orc priest blinks!
The orc blinks!
You blink.
It was a potion of brilliance.
You feel clever all of a sudden. The orc misses you.
Casting: Foxfire (safe; 5% risk of failure)
Confirm with . or Enter, or press ? or * to list all spells.
You feel a surge of power!
You conjure some foxfire!
The orc hits you with a +0 hand axe!
* * * LOW HITPOINT WARNING * * *
Unknown command.
You hit the orc but do no damage. Your grab misses the orc.
Your squeeze misses the orc.
The orc is lightly wounded.
The foxfire hits the orc.
The orc is moderately wounded.
The foxfire hits the orc.
You kill the orc!
The orc closely misses you.
It was a potion of ambrosia.
You are confused.
You feel invigorated. The orc misses you. The orc priest misses you.
You hit the orc but do no damage.
The orc is lightly wounded.
The orc misses you.
Unknown command.
You bump into the rock wall.
The orc priest miscasts a cantrip.
The orc hits you with a +0 hand axe.
Unknown command.
You hit the orc but do no damage.
The orc is lightly wounded.
The orc priest calls down the wrath of Beogh upon you.
Beogh smites you!
* * * LOW HITPOINT WARNING * * *
Unknown command.
You're too confused to move!
The orc hits you with a +0 hand axe.
* * * LOW HITPOINT WARNING * * *
The orc priest hits you with a +3 dagger of pain.
You die...

.####### #.#
#.# #.####.#
#.# #.# ##.##
#.# #.#
#.###...###.#
#.#
#.....#.....#
#.#
##.##...###.#
#.# #.###.##
#.#
###.########.#
#.# #.#
.....)....^..#
#.# #.#
......o@o).###
#.# #.#
...#######.#
#.# #.# #.#
#.# #.. #ยง#
#.# #.# #.#
#.. ###


You could see an orc priest and an orc.

Vanquished Creatures
  An orc wizard (D:2)
  2 adders (D:2)
  2 gnolls
  A worm (D:2)
  A dart slug (D:1)
  2 orcs (D:3)
  4 ball pythons
  5 endoplasms
  A giant cockroach (D:2)
  2 goblins
  3 jackals (D:2)
  A quokka (D:2)
  3 bats
  2 frilled lizards (D:2)
  5 kobolds
  5 rats
40 creatures vanquished.

Vanquished Creatures (others)
  122 foxfires
  A plant (D:3)
123 creatures vanquished.

Grand Total: 163 creatures vanquished

Notes
Turn   | Place    | Note
-------+----------+-------------------------------------------
     0 | D:1      | Conn the Octopode Fire Elementalist began the quest for the
                  | Orb.
     0 | D:1      | Reached XP level 1. HP: 11/11 MP: 3/3
    81 | D:1      | Reached XP level 2. HP: 17/17 MP: 0/5
   714 | D:1      | Found a faded altar of an unknown god.
  1043 | D:2      | Reached XP level 3. HP: 21/21 MP: 6/6
  1480 | D:2      | Reached skill level 4 in Fire Magic
  1480 | D:2      | Reached XP level 4. HP: 27/27 MP: 4/7
  2735 | D:3      | Slain by an orc priest

Illustrated notes

Levels and vault maps discovered:
D:1:      mainiacjoe_arrival_reflecting_pool, layout_basic,
          dreamdust_ecumenical_altar_angels_and_demons
D:2:      cheibrodos_helix_gallery, layout_basic
D:3:      layout_loops_ring, corexii_shack

Skill      XL: |  1  2  3 |
---------------+----------+-----
Stealth        | 3 |  3.7
Fire Magic     | 4 |  4.1
Short Blades   | |  0.2
Dodging        | |  2.2
Spellcasting   | |  2.6
Conjurations   | |  1.7

Action                   |  1- 3 |  4- 6 || total
-------------------------+-------+-------++-------
Melee: Dagger            |    13 |    10 ||    23
       Tentacles         |     2 |     3 ||     5
       Constrict         |     2 |     4 ||     6
 Cast: Foxfire           |    32 |    40 ||    72
  Use: Potion            |       |     3 ||     3
 Stab: Sleeping          |     4 |       ||     4
Armor: Skin              |     1 |       ||     1
Dodge: Dodged            |     9 |    12 ||    21

Table legend: (Time is in decaauts)
 A = Elapsed time spent in this place.
 B = Non-inter-level travel time spent in this place.
 C = Inter-level travel time spent in this place.
 D = Time resting spent in this place.
 E = Time spent auto-exploring this place.
 F = Levels seen in this place.
 G = Mean time per level.
                   A        B        C        D        E       F      G
               +--------+--------+--------+--------+--------+-----+--------+
         Total |   2732 |   2700 |     32 |      0 |   2164 |   3 |  910.7 |
       Dungeon |   2732 |   2700 |     32 |      0 |   2164 |   3 |  910.7 |
               +--------+--------+--------+--------+--------+-----+--------+

Top non-repeatable levels by time:
     D:2: 1560 daAuts
     D:1: 913 daAuts
     D:3: 258 daAuts
